 Dungeon Crawl Stone Soup version 0.21.1-1-g345015f (webtiles) character file.

207 vatarom the Stinger (level 5, 0/45 HPs)
             Began as a Draconian Venom Mage on Mar 22, 2018.
             Was an Initiate of Sif Muna.
             Killed by divine providence
             ... invoked by an orc priest
              (16 damage)
             ... on level 3 of the Dungeon.
             The game lasted 00:08:55 (3281 turns).

vatarom the Stinger (Draconian Venom Mage)          Turns: 3281, Time: 00:08:56

Health: 0/45       AC:  6    Str: 10    XL:     5   Next: 54%
Magic:  4/9        EV: 12    Int: 17    God:    Sif Muna [......]
Gold:   95         SH:  0    Dex: 11    Spells: 3/9 levels left

rFire    . . .     SeeInvis .   i - +0 dagger
rCold    . . .     Gourm    +   (no shield)
rNeg     . . .     Faith    .   (armour unavailable)
rPois    .         Spirit   .   (helmet restricted)
rElec    .         Reflect  .   (no cloak)
rCorr    .         Harm     .   n - +0 pair of gloves (curse)
MR       .....                  (no boots)
Stlth    ++........             q - amulet of the gourmand
HPRegen  0.15/turn              m - ring of flight
MPRegen  0.11/turn              (no ring)

@: no status effects
A: unfitting armour, cold-blooded, AC +5
a: Renounce Religion, Evoke Flight


You were on level 3 of the Dungeon.
You worshipped Sif Muna.
Sif Muna was noncommittal.
You were not hungry.

You visited 1 branch of the dungeon, and saw 3 of its levels.

You collected 95 gold pieces.

Inventory:

Hand Weapons
 i - a +0 dagger (weapon)
Armour
 n - a cursed +0 pair of gloves (worn)
Jewellery
 m - a ring of flight (left hand)
 q - an amulet of the gourmand (around neck)
Scrolls
 e - 2 scrolls of identify
 h - 2 scrolls of teleportation
 k - 3 scrolls of remove curse
 l - a scroll of fog
 o - a scroll of immolation
Potions
 c - 2 potions of curing
 d - a potion of agility {unknown}
 f - a potion of haste
 g - a potion of heal wounds
 j - a potion of berserk rage {unknown}
 p - 2 potions of brilliance {unknown}
 r - a potion of cancellation {unknown}
Books
 a - a Young Poisoner's Handbook

   Spells                             Type                      Level
   a - Sting                          Conjuration/Poison           1
   b - Poisonous Vapours              Poison/Air                   2
   c - Mephitic Cloud                 Conjuration/Poison/Air       3
   d - Olgreb's Toxic Radiance        Poison                       4
   e - Venom Bolt                     Conjuration/Poison           5
Comestibles
 b - 3 rations


   Skills:
 * Level 3.0 Fighting
 - Level 1.7 Dodging
 - Level 1.7 Stealth
 + Level 2.8 Spellcasting
 * Level 3.3 Conjurations
 + Level 3.7 Poison Magic


You had 3 spell levels left.
You knew the following spells:

 Your Spells              Type           Power        Failure   Level  Hunger
a - Sting                 Conj/Pois      ##..         4%          1    #......
b - Poisonous Vapours     Pois/Air       #.....       12%         2    ##.....
c - Mephitic Cloud        Conj/Pois/Air  ##......     21%         3    ###....


Dungeon Overview and Level Annotations

Branches:
Dungeon (3/15)

Altars:
Fedhas
Sif Muna

Annotations:
D:3 Mirai's ghost, amateur DsFi; Sigmund


Innate Abilities, Weirdness & Mutations

Your plain brown scales are hard. (AC +5)
You cannot fit into any form of body armour.
You are cold-blooded and may be slowed by cold attacks.


Message History

Aim: an orc priest, wielding a dagger of holy wrath and wearing a leather armour (moderately wounded, poisoned)
The sting hits the orc priest.
The orc priest is heavily wounded.
The orc wizard shouts!
An orc warrior comes into view.
It is wielding a scimitar of holy wrath.
Casting: Sting
Confirm with . or Enter, or press ? or * to list all spells.
Aiming: Sting
Press: ? - help, Shift-Dir - straight line, f/p - orc priest
Aim: an orc priest, wielding a dagger of holy wrath and wearing a leather armour (heavily wounded, poisoned)
The sting hits the orc priest.
The orc priest looks even sicker.
The orc priest is severely wounded.
The walls and floor vibrate strangely for a moment.
The orc priest invokes the aid of Beogh against you.
Pain shoots through your body!
The orc priest calls down the wrath of Beogh upon you.
Pain shoots through your body!
The orc priest calls down the wrath of Beogh upon you.
Beogh smites you!
You die...

#o# #.# .o #.# .###o###.#
.....o..o#
....†....#...#........
.........#.............
.........#...............
.........#...............
........@#...............
.........#...............
.........#...............
########...<.............
##..#.#...........
#..#.##.....÷....
##.#.###......... #>#.#
##.......#
#.#.#####......#


You could see an orc warrior, 2 orc priests and an orc.

Vanquished Creatures
  An orc priest (D:3)
  Natasha (twice) (D:2)
  5 adders
  3 worms (D:2)
  4 dart slugs
  4 giant cockroaches
  14 goblins
  9 hobgoblins
  2 quokkas (D:2)
  A ball python (D:1)
  7 bats
  8 frilled lizards
  6 kobolds
  8 rats
74 creatures vanquished.

Notes
Turn   | Place    | Note
-------+----------+-------------------------------------------
     0 | D:1      | vatarom the Draconian Venom Mage began the quest for the Orb.
     0 | D:1      | Reached XP level 1. HP: 14/14 MP: 3/3
   196 | D:1      | Reached XP level 2. HP: 20/22 MP: 0/5
   268 | D:1      | Reached skill level 1 in Fighting
   307 | D:1      | Learned a level 2 spell: Poisonous Vapours
   809 | D:1      | Reached XP level 3. HP: 28/28 MP: 3/6
   814 | D:1      | Learned a level 3 spell: Mephitic Cloud
  1373 | D:2      | Found a deep blue altar of Sif Muna.
  1413 | D:2      | Found a blossoming altar of Fedhas.
  1489 | D:2      | Became a worshipper of Sif Muna the Loreminder
  1664 | D:2      | Reached XP level 4. HP: 33/36 MP: 2/7
  2095 | D:2      | Noticed Natasha
  2103 | D:2      | Killed Natasha
  2110 | D:2      | Noticed Natasha
  2133 | D:2      | Killed Natasha
  2133 | D:2      | Reached XP level 5. HP: 16/42 MP: 1/8
  2582 | D:3      | Noticed Mirai's ghost (amateur DsFi)
  2757 | D:3      | Noticed Sigmund
  3278 | D:3      | Noticed an orc warrior
  3281 | D:3      | Killed from afar by an orc priest

Skill      XL: |  1  2  3  4  5 |
---------------+----------------+-----
Fighting       | 1 2 3 |  3.0
Conjurations   | 2 3 |  3.3
Dodging        | |  1.7
Stealth        | |  1.7
Spellcasting   | |  2.8
Poison Magic   | |  3.7

Action                   |  1- 3 |  4- 6 || total
-------------------------+-------+-------++-------
Melee: Unarmed           |    25 |       ||    25
       Dagger            |    59 |    84 ||   143
       Tailslap          |     9 |    11 ||    20
 Cast: Sting             |    46 |    35 ||    81
       Poisonous Vapours |     5 |    11 ||    16
       Mephitic Cloud    |       |     1 ||     1
  Use: Scroll            |     4 |     4 ||     8
       Potion            |       |     2 ||     2
 Stab: Sleeping          |     1 |     1 ||     2
  Eat: Chunk             |     4 |     7 ||    11
       Ration            |       |     1 ||     1
Armor: Skin              |    24 |    35 ||    59
Dodge: Dodged            |    62 |    84 ||   146
